 Dungeon Crawl Stone Soup version 0.18.1-6-gd335043 (webtiles) character file.

185 GordonOverkill the Covert (level 5, -5/25 HPs)
             Began as a Spriggan Assassin on May 15, 2016.
             Killed from afar by an orc wizard (8 damage)
             ... with a magic dart
             ... on level 3 of the Dungeon.
             The game lasted 00:13:40 (2966 turns).

GordonOverkill the Covert (Spriggan Assassin)       Turns: 2966, Time: 00:13:40

Health: -5/25      AC:  3    Str:  7    XL:     5   Next: 37%
Magic:  6/6        EV: 19    Int: 12    God:
Gold:   119        SH:  0    Dex: 19    Spells: 0 memorised, 4 levels left

rFire  . . .     SeeInvis +     a - +2 dagger
rCold  . . .     Gourm    .     c - +0 robe
rNeg   . . .     Faith    .     (shield restricted)
rPois  .         Spirit   .     (helmet restricted)
rElec  .         Dismiss  .     d - +0 cloak
rCorr  .         Reflect  .     (gloves unavailable)
SustAt .         Harm     .     (boots unavailable)
MR     +....                    (no amulet)
Stlth  +++++.....               l - +2 ring of evasion
                                q - ring of protection from magic

@: very quick, somewhat resistant to hostile enchantments, quite stealthy
A: unfitting armour, see invisible, herbivore 3, speed 3, slow metabolism 2
a: no special abilities


You were on level 3 of the Dungeon.
You were not hungry.

You visited 1 branch of the dungeon, and saw 3 of its levels.

You collected 119 gold pieces.

Inventory:

Hand Weapons
 a - a +2 dagger (weapon)
 b - a +0 blowgun
Missiles
 f - 2 curare-tipped needles
 n - 3 javelins
 o - 21 poisoned needles
Armour
 c - a +0 robe (worn)
 d - a +0 cloak (worn)
Jewellery
 h - an uncursed ring of protection from fire
 k - an uncursed ring of resist corrosion {unknown}
 l - a +2 ring of evasion (right hand)
 q - a ring of protection from magic (left hand)
 u - an uncursed ring of sustain attributes {unknown}
Wands
 e - a wand of iceblast (6/15)
Scrolls
 m - 2 scrolls of teleportation
 r - a scroll of identify
 t - a scroll of recharging
 v - a scroll of fear {unknown}
 w - a scroll of noise {unknown}
 x - a scroll of amnesia {unknown}
Potions
 i - 2 potions of lignification
 j - 2 potions of resistance
 p - 2 potions of berserk rage {unknown}
 s - a potion of cancellation
Comestibles
 g - 4 bread rations
 z - 5 fruits


   Skills:
 - Level 1.5 Fighting
 + Level 4.5 Short Blades
 - Level 2.0 Throwing
 - Level 1.5 Dodging
 + Level 8.4 Stealth


You had 4 spell levels left.
You didn't know any spells.

Dungeon Overview and Level Annotations

Branches:
Dungeon (3/15)

Altars:
Nemelex Xobeh
Pakellas
Trog


Innate Abilities, Weirdness & Mutations

You are tiny and cannot use many weapons and most armour.
You have supernaturally acute eyesight.
You are a herbivore.
You cover ground extremely quickly.
You need consume almost no food.


Message History

The orc wizard seems to speed up.
You hit the orc wizard but do no damage.
The orc wizard is severely wounded.
The orc wizard points at you and mumbles some strange words.
The magic dart hits you!
The orc wizard mumbles some strange words.
The orc wizard flickers and vanishes for a moment.
You hit the orc wizard.
The orc wizard is almost dead.
The orc wizard misses you. x2
You closely miss the orc wizard.
The orc wizard is almost dead.
The orc wizard barely misses you.
The orc wizard gestures at you while chanting.
The puff of frost hits you!
Ouch! That really hurt!
* * * LOW HITPOINT WARNING * * *
The orc wizard gestures at you while chanting.
The magic dart hits you!
You die...

..# #########..# ### ########
#..# #.....########..#
##.....).....)...#
.......########.## .#.....# ##.#
.#.....# ##..#
.#.....######.#.#######
........>....###@.....###########
#...........#.#.#####............
#.......###.##..#####.....<....##
##.................##.########.#
##...####.o######.##.### #(#
########....o.........# ###.#
#......###.#.####.# ##.#%##
#.###).# #.#.# #.# #.#.... #.#
#..# #...# #.# ##.#...


You could see an orc wizard (invisible).

Vanquished Creatures
  Jessica (D:2)
  Ijyb (D:2)
  Natasha (D:2)
  2 adders (D:2)
  A worm (D:2)
  A dart slug (D:2)
  4 giant geckos
  3 orcs (D:3)
  5 giant cockroaches
  5 goblins
  8 hobgoblins
  9 jackals
  13 kobolds
  10 bats
  4 giant newts
  9 rats
77 creatures vanquished.

Notes
Turn   | Place    | Note
--------------------------------------------------------------
     0 | D:1      | GordonOverkill the Spriggan Assassin began the quest for the Orb.
     0 | D:1      | Reached XP level 1. HP: 10/10 MP: 2/2
   111 | D:1      | Reached skill level 6 in Stealth
   163 | D:1      | Reached XP level 2. HP: 14/14 MP: 3/3
   978 | D:1      | Reached XP level 3. HP: 18/18 MP: 4/4
  1466 | D:2      | Noticed Ijyb
  1488 | D:2      | Reached skill level 7 in Stealth
  1611 | D:2      | Killed Ijyb
  1611 | D:2      | Reached XP level 4. HP: 21/22 MP: 5/5
  1719 | D:2      | Found a sparkling altar of Nemelex Xobeh.
  1825 | D:2      | Noticed Natasha
  1834 | D:2      | Killed Natasha
  1877 | D:2      | Noticed Jessica
  1885 | D:2      | Killed Jessica
  1885 | D:2      | Reached skill level 8 in Stealth
  1885 | D:2      | Reached XP level 5. HP: 25/25 MP: 6/6
  2824 | D:3      | Found an oddly glowing altar of Pakellas.
  2824 | D:3      | Found a bloodstained altar of Trog.
  2966 | D:3      | Killed from afar by an orc wizard

Skill      XL: |  1  2  3  4 |
---------------+-------------+-----
Stealth        | 6 7 8 |  8.4
Short Blades   | 3 4 |  4.5
Fighting       | |  1.5
Throwing       | |  2.0
Dodging        | |  1.5

Action                   |  1- 3 |  4- 6 || total
-------------------------+-------+-------++-------
Melee: Dagger            |    82 |   134 ||   216
 Fire: Blowgun           |    37 |     6 ||    43
  Use: Scroll            |     5 |     3 ||     8
 Stab: Sleeping          |     9 |    16 ||    25
       Distracted        |       |     1 ||     1
Armor: Robe              |     7 |     7 ||    14
Dodge: Dodged            |    57 |    73 ||   130
